[Event "Forni di Sopra Dolomiti 2018"]
[Site "Forni di Sopra"]
[Date "2018.06.09"]
[Round "1.11"]
[White "Djuric, Stefan"]
[Black "Barillaro, Luca"]
[Result "1-0"]
[ECO "C02"]
[WhiteElo "2350"]
[BlackElo "2081"]
[Annotator "NA"]
[PlyCount "85"]
[EventDate "2018.??.??"]
[EventType "swiss"]
[EventCountry "ITA"]
[SourceTitle "playchess.com"]
[Source "ChessBase"]
[SourceQuality "1"]
[TimeControl "40/5400+30:1800+30"]

1. e4 e6 2. d4 d5 3. e5 c5 4. c3 Nc6 5. Nf3 Bd7 6. Be3 Qb6 7. Qd2 Rc8 8. Be2 {[%emt 0:04:30] C02: French: Advance Variation} (8. dxc5 Bxc5 9. Bxc5 Qxc5 10. Bd3 f6 11. Qe2 fxe5 12. Nxe5 Nxe5 13. Qxe5 Nf6 14. O-O O-O 15. h3 Rfe8 16. Nd2 Bb5 17. Nb3 Qb6 18. Bxb5 Qxb5 {½-½ (28) Stromboli,E (2311)-Luciani,V (2226) Porto San Giorgio 2017}) 8... cxd4 9. cxd4 Na5 10. Nc3 Nc4 11. Bxc4 Rxc4 12. O-O Bb4 13. Rfc1 Ne7 14. a3 Bxc3 15. bxc3 O-O 16. Bg5 $146 f6 17. exf6 gxf6 18. Bxf6 Ng6 19. Ne5 Nxe5 20. Bxe5 Qd8 21. Re1 Qe7 22. Re3 Be8 23. Rg3+ Bg6 24. Qh6 Rf5 25. a4 Kf7 26. a5 Ke8 27. Qe3 Rc6 28. Qe2 Rf7 29. Re3 Qd7 30. h4 Rf8 31. h5 Bf5 (31... Bf7 {was necessary.} 32. Rf3 Rg8) 32. g4 Rg8 33. Rg3 Be4 34. f3 Rxc3 35. fxe4 Rxg3+ 36. Bxg3 Qg7 37. Be5 Qxg4+ 38. Qxg4 Rxg4+ 39. Kf2 Rh4 40. Rc1 $18 b6 41. Rc8+ Kd7 42. Rc7+ Kd8 43. Rxa7 1-0

[Event "Forni di Sopra Dolomiti 2018"]
[Site "Forni di Sopra"]
[Date "2018.06.09"]
[Round "1.12"]
[White "Battistella, Stefano"]
[Black "Qendro, Llambi"]
[Result "1/2-1/2"]
[ECO "B13"]
[WhiteElo "2054"]
[BlackElo "2334"]
[Annotator "NA"]
[PlyCount "21"]
[EventDate "2018.??.??"]
[EventType "swiss"]
[EventCountry "ITA"]
[SourceTitle "playchess.com"]
[Source "ChessBase"]
[SourceQuality "1"]
[TimeControl "40/5400+30:1800+30"]

1. d4 c6 2. e4 d5 3. exd5 cxd5 4. Bd3 Nc6 5. c3 Nf6 6. Bf4 Bg4 7. Qb3 Na5 8. Qa4+ Bd7 9. Qd1 Bg4 10. Qa4+ Bd7 11. Qd1 1/2-1/2

[Event "Forni di Sopra Dolomiti 2018"]
[Site "Forni di Sopra"]
[Date "2018.06.12"]
[Round "4.8"]
[White "Loiacono, Antonio"]
[Black "Djuric, Stefan"]
[Result "1/2-1/2"]
[ECO "B46"]
[WhiteElo "2197"]
[BlackElo "2350"]
[Annotator "NA"]
[PlyCount "40"]
[EventDate "2018.??.??"]
[EventType "swiss"]
[EventCountry "ITA"]
[SourceTitle "playchess.com"]
[Source "ChessBase"]
[SourceQuality "1"]
[TimeControl "40/5400+30:1800+30"]

1. e4 e6 2. d4 c5 3. Nf3 cxd4 4. Nxd4 Nc6 5. Nc3 a6 6. g3 d5 {[%emt 0:07:30] B46: Sicilian: Taimanov: 5 Nc3 a6} (6... d6 7. Bg2 Bd7 8. O-O Nf6 9. Re1 Be7 10. a4 O-O 11. Nxc6 Bxc6 12. a5 Rc8 13. Be3 Qc7 14. Bb6 Qb8 15. Nd5 Bd8 16. Bxd8 Rcxd8 17. Nxf6+ gxf6 18. Qd4 e5 19. Qb6 Bd7 20. Rad1 Bg4 21. Rd2 Rc8 22. Rxd6 Rxc2 23. Rxf6 {1-0 (50) Vidit,S (2718)-Andreikin,D (2712) chess.com INT 2018}) 7. exd5 exd5 8. Bg2 Nf6 9. O-O Be7 10. Bf4 O-O 11. a3 $146 ({Predecessor:} 11. Re1 Re8 12. Nb3 Be6 13. Ne2 Bf5 14. Ned4 Be4 15. f3 Bg6 16. c3 Qd7 17. Qd2 Rad8 {0-1 (44) Larrea,M (2191)-Muniz,R (2172) Montevideo 2001}) 11... Bg4 12. Qd3 Qd7 13. Rfe1 Rad8 14. Na4 Bd6 15. Bxd6 Qxd6 16. Nxc6 bxc6 17. b4 Nd7 18. Qd4 Qg6 19. c4 Nf6 20. cxd5 cxd5 $16 1/2-1/2

[Event "Forni di Sopra Dolomiti 2018"]
[Site "Forni di Sopra"]
[Date "2018.06.12"]
[Round "4.10"]
[White "Barillaro, Luca"]
[Black "Loiacono, Leonardo"]
[Result "1/2-1/2"]
[ECO "E17"]
[WhiteElo "2081"]
[BlackElo "2313"]
[Annotator "NA"]
[PlyCount "54"]
[EventDate "2018.??.??"]
[EventType "swiss"]
[EventCountry "ITA"]
[SourceTitle "playchess.com"]
[Source "ChessBase"]
[SourceQuality "1"]
[TimeControl "40/5400+30:1800+30"]

1. d4 Nf6 2. Nf3 e6 3. g3 c5 4. Bg2 Be7 5. O-O O-O 6. b3 d5 7. Bb2 b6 8. c4 Bb7 9. cxd5 exd5 10. Nc3 Nbd7 11. Rc1 Re8 {[%emt 0:00:30] LiveBook: 21 Games} 12. e3 Nf8 13. dxc5 (13. Na4 ) 13... bxc5 $16 14. Na4 Ne6 15. Bxf6 Bxf6 16. Nxc5 Nxc5 17. Rxc5 Be7 18. Rc2 Ba6 19. Rd2 Bxf1 20. Bxf1 Qa5 21. Rxd5 Qxa2 22. Bc4 Bf6 23. Rd7 Kh8 24. Qd5 Rf8 25. Rxf7 Rad8 26. Rxf8+ Rxf8 27. Kg2 Be7 1/2-1/2

[Event "Forni di Sopra Dolomiti 2018"]
[Site "Forni di Sopra"]
[Date "2018.06.12"]
[Round "5.6"]
[White "Djuric, Stefan"]
[Black "Qendro, Llambi"]
[Result "1/2-1/2"]
[ECO "B08"]
[WhiteElo "2350"]
[BlackElo "2334"]
[Annotator "NA"]
[PlyCount "26"]
[EventDate "2018.??.??"]
[EventType "swiss"]
[EventCountry "ITA"]
[SourceTitle "playchess.com"]
[Source "ChessBase"]
[SourceQuality "1"]
[TimeControl "40/5400+30:1800+30"]

1. e4 g6 2. d4 Bg7 3. Nf3 d6 4. Nc3 c6 5. Bc4 Nf6 6. e5 dxe5 7. Nxe5 O-O 8. O-O Nbd7 9. Bf4 Nb6 10. Bb3 Nbd5 11. Bg3 Nxc3 12. bxc3 Bf5 13. f4 Nd5 1/2-1/2

[Event "Forni di Sopra Dolomiti 2018"]
[Site "Forni di Sopra"]
[Date "2018.06.12"]
[Round "5.8"]
[White "Terao, Juliana Sayumi"]
[Black "Loiacono, Antonio"]
[Result "1-0"]
[ECO "C60"]
[WhiteElo "2292"]
[BlackElo "2197"]
[Annotator "NA"]
[PlyCount "77"]
[EventDate "2018.??.??"]
[EventType "swiss"]
[EventCountry "ITA"]
[SourceTitle "playchess.com"]
[Source "ChessBase"]
[SourceQuality "1"]
[TimeControl "40/5400+30:1800+30"]

1. e4 e5 2. Nf3 Nc6 3. Bb5 g6 4. c3 Bg7 5. d4 exd4 {[%emt 0:00:00] C60: Ruy Lopez: Unusual Black 3rd moves and 3...g6} 6. cxd4 a6 7. Ba4 (7. Bc4 b5 8. Bb3 Nge7 9. Nc3 Na5 10. Bc2 d6 11. h3 O-O 12. O-O Bb7 13. Re1 {½-½ (41) Hamdouchi,H (2580)-Malakhov,V (2691) Brest 2018}) 7... b5 8. Bc2 d6 9. h3 Nge7 10. O-O O-O 11. Nc3 Bb7 12. Be3 Na5 13. Qc1 Nc4 $146 ({Predecessor:} 13... f5 14. Bh6 b4 15. Bxg7 Kxg7 16. Ng5 {1-0 (51) Nevostrujev,V (2406)-Kvan,A (2180) Pavlodar 2016}) 14. Bh6 c5 15. Bxg7 Kxg7 16. Rd1 Qc7 17. b3 Nb6 18. Qd2 c4 19. d5 Rac8 20. Ne2 Rfe8 21. Qd4+ Kg8 22. Nf4 Nd7 23. Rac1 cxb3 24. Bxb3 Qxc1 25. Rxc1 Rxc1+ 26. Kh2 Rc7 27. Ng5 Nc5 28. Qf6 Nc8 {[%emt 0:00:30] [#]} 29. e5 $18 Nxb3 30. exd6 ({Weaker is} 30. axb3 dxe5 31. d6 Nxd6 $16) 30... Nxd6 31. Qxd6 Rce7 32. axb3 Kg7 33. Qb6 h6 34. Nxf7 Rxf7 35. Qxg6+ Kf8 36. Qxh6+ Kg8 37. Qg6+ Kf8 38. Ne6+ Ke7 39. d6+ 1-0

[Event "Forni di Sopra Dolomiti 2018"]
[Site "Forni di Sopra"]
[Date "2018.06.12"]
[Round "5.11"]
[White "Loiacono, Leonardo"]
[Black "Dobboletta, Alex"]
[Result "1/2-1/2"]
[ECO "A85"]
[WhiteElo "2313"]
[BlackElo "2105"]
[Annotator "NA"]
[PlyCount "41"]
[EventDate "2018.??.??"]
[EventType "swiss"]
[EventCountry "ITA"]
[SourceTitle "playchess.com"]
[Source "ChessBase"]
[SourceQuality "1"]
[TimeControl "40/5400+30:1800+30"]

1. d4 e6 2. c4 f5 3. Nc3 Nf6 4. e3 b6 5. Bd3 Bb7 6. f3 c5 7. Nge2 {[%emt 0:00:30] A85: Dutch Defence: 2 c4 Nf6 3 Nc3} Nc6 8. O-O Bd6 9. Kh1 (9. d5 Ne5 10. e4 fxe4 11. Nxe4 Nxe4 12. Bxe4 Qc7 13. Nc3 Nxc4 14. f4 O-O-O {1-0 (48) Laznicka,V (2679)-Vallejo Pons,F (2698) Dubai 2014}) 9... O-O 10. dxc5 Bxc5 11. e4 fxe4 $146 ({Predecessor:} 11... Nh5 12. exf5 exf5 13. Nf4 Qg5 14. Ncd5 Rae8 {1-0 (42) Tanis,C (2227)-Blake,M (2059) ICCF email 2014}) 12. Nxe4 Be7 13. Nxf6+ Bxf6 14. Qc2 g6 15. Bh6 Rf7 16. Rad1 Nb4 17. Qb1 Nxd3 18. Rxd3 Be5 19. Qc1 Rc8 20. Qe3 Bb8 ({Black should play} 20... Bxb2 $17 21. Rfd1 Qc7) 21. b3 $11 1/2-1/2

[Event "Forni di Sopra Dolomiti 2018"]
[Site "Forni di Sopra"]
[Date "2018.06.12"]
[Round "5.12"]
[White "Calzetta Ruiz, Monica"]
[Black "Faglioni, Isacco"]
[Result "1-0"]
[ECO "B19"]
[WhiteElo "2289"]
[BlackElo "1925"]
[Annotator "ChessBase"]
[PlyCount "56"]
[EventDate "2018.??.??"]
[EventType "swiss"]
[EventCountry "ITA"]
[SourceTitle "playchess.com"]
[Source "ChessBase"]
[SourceQuality "1"]
[TimeControl "40/5400+30:1800+30"]

1. e4 c6 2. d4 d5 3. Nd2 dxe4 4. Nxe4 Bf5 5. Ng3 Bg6 6. h4 h6 7. Nf3 e6 8. Ne5 Bh7 9. Bd3 Bxd3 10. Qxd3 Nf6 11. Bd2 Nbd7 12. f4 Be7 13. O-O-O Qc7 14. f5 Nxe5 15. dxe5 Qxe5 16. fxe6 Rd8 17. exf7+ Kxf7 18. Qb3+ Qd5 19. Nf5 Qxb3 20. axb3 Bc5 21. b4 Bb6 22. Rhf1 Rhe8 23. g4 Kg8 24. Nxh6+ gxh6 25. Rxf6 Re4 26. Rg6+ Kf7 27. h5 Rxd2 28. Kxd2 Ke8 1-0

[Event "Forni di Sopra Dolomiti 2018"]
[Site "Forni di Sopra"]
[Date "2018.06.13"]
[Round "6.7"]
[White "Qendro, Llambi"]
[Black "Sgircea, Silvia-Raluca"]
[Result "1/2-1/2"]
[ECO "D27"]
[WhiteElo "2334"]
[BlackElo "2204"]
[Annotator "NA"]
[PlyCount "37"]
[EventDate "2018.??.??"]
[EventType "swiss"]
[EventCountry "ITA"]
[SourceTitle "playchess.com"]
[Source "ChessBase"]
[SourceQuality "1"]
[TimeControl "40/5400+30:1800+30"]

1. d4 d5 2. c4 dxc4 3. Nf3 Nf6 4. e3 e6 5. Bxc4 c5 6. O-O a6 7. a4 Nc6 8. Qe2 Qc7 9. Rd1 Bd6 10. dxc5 Bxc5 11. b3 O-O 12. Bb2 b6 13. Nc3 Bb7 14. Rac1 Na5 15. Na2 Qe7 16. Ne5 Rfc8 17. Bc3 Nxc4 18. Nxc4 a5 19. Bd4 1/2-1/2

[Event "Forni di Sopra Dolomiti 2018"]
[Site "Forni di Sopra"]
[Date "2018.06.13"]
[Round "6.10"]
[White "Dobboletta, Alex"]
[Black "Ceschia, Ivano"]
[Result "1/2-1/2"]
[ECO "A16"]
[WhiteElo "2105"]
[BlackElo "2325"]
[Annotator "NA"]
[PlyCount "29"]
[EventDate "2018.??.??"]
[EventType "swiss"]
[EventCountry "ITA"]
[SourceTitle "playchess.com"]
[Source "ChessBase"]
[SourceQuality "1"]
[TimeControl "40/5400+30:1800+30"]

1. c4 Nf6 2. Nc3 d5 3. cxd5 Nxd5 4. e4 Nxc3 5. dxc3 Qxd1+ 6. Kxd1 e5 7. Be3 Be6 8. Nf3 f6 9. Nd2 Nd7 10. Bc4 Bxc4 11. Nxc4 a5 12. Ke2 b5 13. Nd2 Bc5 14. a4 c6 15. b4 1/2-1/2

[Event "Forni di Sopra Dolomiti 2018"]
[Site "Forni di Sopra"]
[Date "2018.06.13"]
[Round "6.12"]
[White "De Santis, Alessio"]
[Black "Battistella, Stefano"]
[Result "1/2-1/2"]
[ECO "A01"]
[WhiteElo "2260"]
[BlackElo "2054"]
[Annotator "NA"]
[PlyCount "27"]
[EventDate "2018.??.??"]
[EventType "swiss"]
[EventCountry "ITA"]
[SourceTitle "playchess.com"]
[Source "ChessBase"]
[SourceQuality "1"]
[TimeControl "40/5400+30:1800+30"]

1. b3 e5 2. Bb2 Nc6 3. e3 Nf6 4. Nf3 e4 5. Nd4 Nxd4 6. Bxd4 Be7 7. c4 O-O 8. Be2 d6 9. Qc2 b6 10. f4 Bb7 11. Nc3 c5 12. Bxf6 Bxf6 13. Rd1 Re8 14. O-O 1/2-1/2

[Event "Forni di Sopra Dolomiti 2018"]
[Site "Forni di Sopra"]
[Date "2018.06.14"]
[Round "7.10"]
[White "Ceschia, Ivano"]
[Black "Loiacono, Antonio"]
[Result "1/2-1/2"]
[ECO "C45"]
[WhiteElo "2325"]
[BlackElo "2197"]
[Annotator "NA"]
[PlyCount "73"]
[EventDate "2018.??.??"]
[EventType "swiss"]
[EventCountry "ITA"]
[SourceTitle "playchess.com"]
[Source "ChessBase"]
[SourceQuality "1"]
[TimeControl "40/5400+30:1800+30"]

1. e4 e5 2. Nf3 Nc6 3. d4 exd4 4. Nxd4 Nf6 5. Nxc6 bxc6 6. Bd3 d5 7. Qe2 dxe4 8. Nc3 Bb4 9. Bxe4 Nxe4 10. Qxe4+ Qe7 11. Qxe7+ Kxe7 12. Bd2 Bf5 13. O-O-O Rhd8 14. Nd5+ Rxd5 15. Bxb4+ Ke8 16. Rhe1+ Be6 17. Rxd5 cxd5 18. g4 g6 19. f4 Kd7 20. f5 gxf5 21. gxf5 Bxf5 22. Re7+ Kc6 23. Rxf7 Bg6 24. Rg7 Re8 25. Be7 a5 26. a4 d4 27. Kd2 Rb8 28. Ba3 d3 29. c3 Rd8 30. b4 axb4 31. cxb4 Ra8 32. a5 Re8 33. b5+ Kxb5 34. Re7 Rc8 35. h4 c5 36. Re5 Kxa5 37. Rxc5+ 1/2-1/2

[Event "Forni di Sopra Dolomiti 2018"]
[Site "Forni di Sopra"]
[Date "2018.06.14"]
[Round "7.11"]
[White "Loiacono, Leonardo"]
[Black "Faglioni, Isacco"]
[Result "1-0"]
[ECO "A55"]
[WhiteElo "2313"]
[BlackElo "1925"]
[Annotator "NA"]
[PlyCount "61"]
[EventDate "2018.??.??"]
[EventType "swiss"]
[EventCountry "ITA"]
[SourceTitle "playchess.com"]
[Source "ChessBase"]
[SourceQuality "1"]
[TimeControl "40/5400+30:1800+30"]

1. d4 Nf6 2. c4 d6 3. Nc3 Nbd7 4. e4 e5 5. Nf3 Be7 6. Be2 O-O 7. O-O c6 8. Re1 a6 9. Bf1 h6 10. b3 b5 11. cxb5 cxb5 12. a4 b4 13. Nd5 Nxd5 14. exd5 e4 15. Nd2 f5 16. f3 Bf6 17. Bb2 Nc5 18. Qc2 Nd3 19. Bxd3 exd3 20. Qxd3 Bb7 21. Kh1 Bg5 22. Nc4 Bxd5 23. Bc1 f4 24. a5 Bh4 25. Re2 Bg3 26. Nb6 Qh4 27. h3 Qh5 28. Nxa8 Rxa8 29. Bd2 g5 30. Re7 Bf7 31. Qf5 1-0

[Event "Forni di Sopra Dolomiti 2018"]
[Site "Forni di Sopra"]
[Date "2018.06.14"]
[Round "7.12"]
[White "Dappiano, Andrea"]
[Black "Dobboletta, Alex"]
[Result "1-0"]
[ECO "C10"]
[WhiteElo "2279"]
[BlackElo "2105"]
[Annotator "NA"]
[PlyCount "73"]
[EventDate "2018.??.??"]
[EventType "swiss"]
[EventCountry "ITA"]
[SourceTitle "playchess.com"]
[Source "ChessBase"]
[SourceQuality "1"]
[TimeControl "40/5400+30:1800+30"]

1. e4 e6 2. Nf3 d5 3. Nc3 dxe4 4. Nxe4 Nd7 5. d4 Ngf6 6. Bd3 Nxe4 7. Bxe4 Nf6 8. Bg5 Be7 9. Bxf6 Bxf6 10. Qd3 c5 11. Qb5+ Bd7 12. Qxc5 Be7 13. Qh5 Qb6 14. O-O g6 15. Qh6 O-O-O 16. Qe3 f6 17. a4 g5 18. a5 Qc7 19. a6 b6 20. c4 g4 21. Nd2 f5 22. Bb7+ Kb8 23. Rfc1 Bd6 24. g3 e5 25. c5 exd4 26. Qd3 Be7 27. cxb6 Qxb6 28. Nc4 Qb5 29. Qd2 Qc5 30. Qf4+ Qc7 31. Ne5 Qd6 32. Bc6 Bxc6 33. Nxc6+ Ka8 34. Nxd8 Qxf4 35. Rc8+ Qb8 36. Rxb8+ Kxb8 37. Nc6+ 1-0

[Event "Forni di Sopra Dolomiti 2018"]
[Site "Forni di Sopra"]
[Date "2018.06.15"]
[Round "8.5"]
[White "Di Benedetto, Edoardo"]
[Black "Sgircea, Silvia-Raluca"]
[Result "1/2-1/2"]
[ECO "B31"]
[WhiteElo "2288"]
[BlackElo "2204"]
[Annotator "NA"]
[PlyCount "68"]
[EventDate "2018.??.??"]
[EventType "swiss"]
[EventCountry "ITA"]
[SourceTitle "playchess.com"]
[Source "ChessBase"]
[SourceQuality "1"]
[TimeControl "40/5400+30:1800+30"]

1. e4 c5 2. Nf3 Nc6 3. Bb5 g6 4. O-O Bg7 5. Re1 Nf6 6. Nc3 O-O 7. e5 Ng4 8. Bxc6 dxc6 9. d3 Nh6 10. Bxh6 Bxh6 11. Qe2 Bg7 12. a4 a5 13. Rad1 Bf5 14. Ne4 Qb6 15. b3 Rad8 16. Qe3 Bxe4 17. dxe4 Rxd1 18. Rxd1 Rd8 19. Rd3 Rxd3 20. Qxd3 Qc7 21. e6 fxe6 22. g3 Qd6 23. Ng5 Bf6 24. Qxd6 exd6 25. c4 b5 26. Nxe6 Kf7 27. Nf4 bxa4 28. bxa4 Bd4 29. h4 Kf6 30. Kg2 Ke5 31. Kf3 Bc3 32. Ke3 Bd4+ 33. Kf3 Bc3 34. Ke3 Bd4+ 1/2-1/2

[Event "Forni di Sopra Dolomiti 2018"]
[Site "Forni di Sopra"]
[Date "2018.06.15"]
[Round "8.8"]
[White "De Santis, Alessio"]
[Black "Martinez, Ayelen"]
[Result "1/2-1/2"]
[ECO "A34"]
[WhiteElo "2260"]
[BlackElo "2209"]
[Annotator "NA"]
[PlyCount "35"]
[EventDate "2018.??.??"]
[EventType "swiss"]
[EventCountry "ITA"]
[SourceTitle "playchess.com"]
[Source "ChessBase"]
[SourceQuality "1"]
[TimeControl "40/5400+30:1800+30"]

1. Nf3 c5 2. c4 g6 3. Nc3 Bg7 4. b3 e5 5. e4 Nc6 6. d3 Nge7 7. Be2 d6 8. Bd2 a6 9. h4 h5 10. Nd5 Nxd5 11. cxd5 Nd4 12. Nxd4 cxd4 13. Rc1 Bd7 14. g3 a5 15. Qc2 Bf6 16. Qc7 Qxc7 17. Rxc7 Ra7 18. O-O 1/2-1/2

[Event "Forni di Sopra Dolomiti 2018"]
[Site "Forni di Sopra"]
[Date "2018.06.15"]
[Round "8.12"]
[White "Vezzosi, Paolo"]
[Black "Battistella, Stefano"]
[Result "1-0"]
[ECO "A41"]
[WhiteElo "2316"]
[BlackElo "2054"]
[Annotator "NA"]
[PlyCount "55"]
[EventDate "2018.??.??"]
[EventType "swiss"]
[EventCountry "ITA"]
[SourceTitle "playchess.com"]
[Source "ChessBase"]
[SourceQuality "1"]
[TimeControl "40/5400+30:1800+30"]

1. e4 g6 2. d4 Bg7 3. c4 d6 4. Be2 Nc6 5. Be3 e5 6. Nf3 Bg4 7. d5 Bxf3 8. Bxf3 Nd4 9. Nc3 c5 10. O-O Nf6 11. g3 O-O 12. Bg2 Qd7 13. f3 a6 14. Rf2 b5 15. Qf1 Rab8 16. Bh3 Qe8 17. b3 b4 18. Na4 Nh5 19. Qd3 f5 20. Bxd4 fxe4 21. fxe4 exd4 22. Be6+ Kh8 23. Raf1 Qe7 24. Rxf8+ Rxf8 25. Rxf8+ Qxf8 26. Nb6 Bh6 27. Nd7 Be3+ 28. Qxe3 1-0

[Event "Forni di Sopra Dolomiti 2018"]
[Site "Forni di Sopra"]
[Date "2018.06.16"]
[Round "9.10"]
[White "Ceschia, Ivano"]
[Black "Dev, Shah"]
[Result "1/2-1/2"]
[ECO "C77"]
[WhiteElo "2325"]
[BlackElo "1997"]
[Annotator "NA"]
[PlyCount "120"]
[EventDate "2018.??.??"]
[EventType "swiss"]
[EventCountry "ITA"]
[SourceTitle "playchess.com"]
[Source "ChessBase"]
[SourceQuality "1"]
[TimeControl "40/5400+30:1800+30"]

1. e4 e5 2. Nf3 Nc6 3. Bb5 a6 4. Ba4 Nf6 5. Bxc6 dxc6 6. d3 Bd6 7. Nbd2 Be6 8. b3 {[%emt 0:07:30] LiveBook: 18 Games C77: Spanische Partie (Anderssen-Variante)} Qe7 9. Bb2 Nd7 10. d4 Bg4 11. h3 Bh5 $146 ({Vorgänger:} 11... Bxf3 12. Nxf3 O-O-O 13. O-O exd4 14. Qxd4 Bc5 15. Qxg7 Qxe4 {1-0 (52) Ivanov,A (2470)-Fishbein,A (2490) Los Angeles 1989}) 12. O-O O-O-O 13. Qe1 Rhe8 14. Qe3 Kb8 15. Rfe1 f6 16. Nc4 Bxf3 ({Black should play} 16... Bb4 $17 17. c3 exd4 18. Nxd4 Bc5) 17. Qxf3 exd4 18. Bxd4 Ne5 19. Bxe5 Bxe5 20. Rad1 Qc5 21. Rd3 Rxd3 22. Qxd3 Qd4 (22... Bd4 $15 23. Qd2 b5) 23. Qxd4 Bxd4 24. Kf1 c5 25. f3 b5 26. Ne3 g6 27. Ke2 f5 28. Kd3 f4 29. Nd1 Rd8 30. Ke2 Kb7 31. Nf2 Be3 32. Rd1 Rxd1 33. Nxd1 Bd4 34. Kd3 Kc6 35. c3 Be5 36. Nb2 h5 37. Kc2 Kd6 38. Nd3 g5 39. b4 cxb4 40. Nxe5 Kxe5 41. cxb4 Kd4 42. Kd2 Kc4 43. a3 Kd4 44. Kc2 Kc4 45. Kb2 c5 46. bxc5 Kxc5 47. Kc3 a5 48. Kd3 b4 49. axb4+ axb4 50. Kc2 Kc4 51. Kb2 b3 52. Kb1 Kb4 53. Kc1 Ka3 54. Kb1 Kb4 55. Kb2 Kc4 56. Kc1 Kb4 57. Kb1 $11 Kc4 58. Kb2 Kb4 59. e5 Kc5 60. Kxb3 Kd5 1/2-1/2

[Event "Forni di Sopra Dolomiti 2018"]
[Site "Forni di Sopra"]
[Date "2018.06.16"]
[Round "9.12"]
[White "Garofalo, Simone"]
[Black "Di Benedetto, Desiree"]
[Result "0-1"]
[ECO "C07"]
[WhiteElo "2110"]
[BlackElo "2293"]
[Annotator "NA"]
[PlyCount "82"]
[EventDate "2018.??.??"]
[EventType "swiss"]
[EventCountry "ITA"]
[SourceTitle "playchess.com"]
[Source "ChessBase"]
[SourceQuality "1"]
[TimeControl "40/5400+30:1800+30"]

1. e4 e6 2. d4 d5 3. Nd2 c5 4. exd5 Qxd5 5. Ngf3 cxd4 6. Bc4 Qd7 7. O-O Nc6 8. Nb3 a6 9. Nbxd4 Nxd4 10. Nxd4 Qc7 {[%emt 0:00:30] LiveBook: 95 Games} 11. Bb3 Bd6 12. h3 Ne7 13. Re1 O-O 14. Qe2 Ng6 15. Be3 b6 16. Rad1 Bb7 17. Qg4 Rfe8 18. c3 {[%emt 0:04:30] Ne} Ne5 19. Qe2 b5 20. Bc1 Ng6 21. Qg4 Bh2+ 22. Kh1 Bf4 23. Bc2 f5 24. Bxf4 $1 Nxf4 {[%emt 0:02:55] Q} (24... fxg4 $2 {perishes.} 25. Bxc7 gxh3 26. Rxe6 $18) 25. Qg3 Bxg2+ 26. Kh2 {[%emt 0:08:30] [#]} e5 $14 ({Viel schlechter ist} 26... Bxh3 $6 27. Ne2 $16) (26... Be4 $1 $11 ) 27. Nxf5 Bxh3 28. Nd6 Re7 29. Qh4 g6 30. Bb3+ Kg7 31. Ne4 Rf8 32. Ng5 h6 33. Nxh3 Nxh3 34. Qxh3 Rxf2+ 35. Kh1 Rxb2 36. Qg3 Qc6+ 37. Bd5 Qf6 38. Rg1 Rf2 39. Be4 g5 40. Rg2 Rf4 41. Re2 Rf1+ {[%emt 0:13:09] 0} 0-1